 Dungeon Crawl Stone Soup version 0.15-a0-225-ga4013df (webtiles) character file.

2890 PolkaDot the Jinx (level 9, 0/57 HPs)
             Began as a Vampire Enchanter on Apr 25, 2014.
             Was a Follower of Ashenzari.
             Killed from afar by an orc wizard (10 damage)
             ... with a magic dart
             ... on Level 7 of the Dungeon.
             The game lasted 00:37:43 (7240 turns).

PolkaDot the Jinx (Vampire Enchanter)               Turns: 7240, Time: 00:37:44

HP   0/57        AC  5     Str  7      XL: 9   Next: 33%
MP   8/21        EV 13     Int 23      God: Ashenzari [*.....]
Gold 291         SH  0     Dex 16      Spells:  6 memorised,  3 levels left

rFire  . . .     SeeInvis +     k - +4 dagger (speed) (curse)
rCold  + + +     Clarity  .     a - +1 robe {rC+} (curse)
rNeg   + + +     Conserve .     (no shield)
rPois  +         rCorr    .     (no helmet)
rElec  .         rRot     +     (no cloak)
SustAb . .       Spirit   .     (no gloves)
rMut   .         Warding  .     (no boots)
Saprov . . .     Stasis   .     h - amulet of rage
MR     .....                    (no ring)
                                f - ring of flight

@: regenerating slowly, confused, brilliant, lethally poisoned, not resistant to
hostile enchantments, fairly stealthy
A: bottle blood, fangs 3, slimy green scales 1, see invisible, unbreathing
a: Bat Form, Bottle Blood, Renounce Religion, Evoke Berserk Rage, Evoke Flight


You were on level 7 of the Dungeon.
You worshipped Ashenzari.
Ashenzari was aware of your devotion.
You were near bloodless.

You visited 1 branch of the dungeon, and saw 7 of its levels.

You collected 291 gold pieces.

Inventory:

Hand weapons
 k - a cursed +4,+4 dagger of speed (weapon)
Missiles
 d - 12 darts (quivered)
Armour
 a - a cursed +1 robe of cold resistance (worn)
Magical devices
 b - a wand of teleportation (2)
 u - a wand of disintegration (15)
 v - a wand of polymorph (3)
Scrolls
 e - 3 scrolls of remove curse
 g - a scroll of curse jewellery
 i - a scroll of teleportation
 l - 3 scrolls of curse armour
 n - a scroll of magic mapping
 o - a scroll of amnesia
 w - 2 scrolls of noise {unknown}
Jewellery
 f - a ring of flight (left hand)
 h - an amulet of rage (around neck)
 s - a +6 ring of intelligence
Potions
 j - a potion of restore abilities
 t - a potion of lignification
Books
 c - a book of Maledictions

   Spells                             Type                      Level
   *Corona                            Hexes                        1
   *Sure Blade                        Hexes/Charms                 2
   *Ensorcelled Hibernation           Hexes/Ice                    2
   *Confuse                           Hexes                        3
   *Dazzling Spray                    Conjuration/Hexes            3
   *Enslavement                       Hexes                        4
 m - a book of Enchantments

   Spells                             Type                      Level
   Cause Fear                         Hexes                        4
   Silence                            Hexes/Air                    5
   Tukima's Dance                     Hexes                        5
   Deflect Missiles                   Charms/Air                   6
   Haste                              Charms                       6
   Discord                            Hexes                        8
 q - the Disquisition on Enhancements
   (You found it on level 4 of the Dungeon)

   Spells                             Type                      Level
   Song of Slaying                    Charms                       2
   Fire Brand                         Charms/Fire                  2
   *Sure Blade                        Hexes/Charms                 2
   Spectral Weapon                    Hexes/Charms                 3
   Iskenderun's Battlesphere          Conjuration/Charms           5


   Skills:
 - Level 4.1 Short Blades
 - Level 0.7 Throwing
 - Level 2.1 Dodging
 + Level 10.2 Stealth
 + Level 5.1 Spellcasting
 * Level 13.0 Hexes


You had 3 spell levels left.
You knew the following spells:

 Your Spells              Type           Power        Failure   Level  Hunger
a - Corona                Hex            ######.      1%          1    None
b - Sure Blade            Hex/Chrm       #####.....   1%          2    None
c - Confuse               Hex            ######..     1%          3    ##.....
d - Ensorcelled Hibernat  Hex/Ice        #####.       1%          2    None
e - Enslavement           Hex            ######..     1%          4    ####...
s - Dazzling Spray        Conj/Hex       #####...     1%          3    ##.....


Dungeon Overview and Level Annotations

Branches:
Dungeon (7/15)
 Temple: D:4-7

Altars:
Ashenzari
Dithmenos
Fedhas
Makhleb
Nemelex Xobeh


Innate Abilities, Weirdness & Mutations

You heal slowly.
You can bottle blood from corpses.
You have razor-sharp teeth.*
You have supernaturally acute eyesight.
You can survive without breathing.*
You are partially covered in slimy green scales (AC +2).*


Message History

The orc wizard is lightly wounded.
The kobold shoots a poisoned needle.
The poisoned needle hits the vampire.
The vampire casts a spell at you. You resist.
The orc wizard hits you but does no damage.
You swing at nothing.
You feel sick. The kobold barely misses you.
The kobold shoots a poisoned needle.
The poisoned needle hits the vampire.
You swing at nothing.
The orc wizard hits you but does no damage.
The vampire misses you. The vampire bites you!
* * * LOW HITPOINT WARNING * * *
You hear a slurping noise.
The jelly splits in two!
You feel almost devoid of blood!
You hit the kobold.
You kill the kobold!
You feel sick.
The orc wizard points at you and mumbles some strange words.
The magic dart hits you!
You die...

........#
#......$#
#.......# #
#.......##.#
#..........#
#.
#.......o..#
#..#.KKK..J#
#..#..VJo..#
#..#..@ooJ.#
#.....##K$.#
#.....##...#
#.##..##.....
#
#..##.......
#..##...#..
#..##...#.
#.<##...#
#..# .


You could see a vampire (invisible), 3 jellies, an orc wizard, 3 orcs and 4
kobolds.

Vanquished Creatures
  The ghost of Margery the Covert, an experienced SpEn (D:6)
  Grinder (D:3)
  A necrophage (D:6)
  2 sky beasts (D:5)
  3 orc warriors
  2 centaurs
  2 ogres
  Duvessa (D:6)
  Blork the orc (D:6)
  A big kobold (D:7)
  A scorpion (D:5)
  4 jellies
  Dowan (D:6)
  A crimson imp (D:6)
  2 hounds
  A quasit (D:5)
  4 orc wizards (D:6)
  An orc priest (D:4)
  A giant frog skeleton (D:6)
  3 worker ants
  Jessica (D:2)
  An ogre skeleton (D:5)
  Terence (D:2)
  14 adders
  10 gnolls
  An orc skeleton (D:5)
  4 giant mites
  4 worms
  A giant eyeball (D:6)
  4 giant geckos
  2 oozes (D:2)
  12 orcs
  2 ball pythons
  13 bats
  A gnoll skeleton (D:5)
  17 hobgoblins
  11 jackals
  18 kobolds
  4 quokkas
  3 giant cockroaches
  2 giant newts
  A giant spore (D:6)
  11 goblins
  A jackal skeleton (D:5)
  A jackal zombie (D:6)
  A kobold skeleton (D:4)
  12 rats
187 creatures vanquished.

Vanquished Creatures (others)
  A rat (D:3)
1 creature vanquished.

Grand Total: 188 creatures vanquished

Notes
Turn   | Place    | Note
--------------------------------------------------------------
     0 | D:1      | PolkaDot, the Vampire Enchanter, began the quest for the Orb.
     0 | D:1      | Reached XP level 1. HP: 13/13 MP: 3/3
   441 | D:1      | Reached XP level 2. HP: 16/19 MP: 2/4
   445 | D:1      | Learned a level 2 spell: Ensorcelled Hibernation
   758 | D:1      | Reached skill level 5 in Hexes
   934 | D:1      | Reached XP level 3. HP: 24/24 MP: 3/6
  1486 | D:2      | Learned a level 3 spell: Confuse
  1580 | D:2      | Noticed Terence
  1585 | D:2      | Reached XP level 4. HP: 27/30 MP: 4/7
  1663 | D:2      | Killed Terence
  1792 | D:2      | Reached skill level 6 in Hexes
  1823 | D:2      | Found a shattered altar of Ashenzari.
  1868 | D:2      | Noticed Jessica
  1917 | D:2      | Became a worshipper of Ashenzari the Shackled
  1996 | D:2      | Killed Jessica
  1996 | D:2      | Reached skill level 5 in Stealth
  2066 | D:2      | Reached XP level 5. HP: 35/35 MP: 9/9
  2149 | D:2      | Found a sparkling altar of Nemelex Xobeh.
  2704 | D:3      | Reached skill level 7 in Hexes
  2950 | D:3      | Noticed Grinder
  2972 | D:3      | Killed Grinder
  2972 | D:3      | Reached skill level 8 in Hexes
  2972 | D:3      | Reached XP level 6. HP: 39/41 MP: 3/10
  3466 | D:4      | Reached XP level 7. HP: 39/46 MP: 12/12
  3584 | D:4      | Reached skill level 9 in Hexes
  3908 | D:4      | Identified the Disquisition on Enhancements
  3914 | D:4      | Learned a level 4 spell: Enslavement
  4724 | D:5      | Entered Level 5 of the Dungeon
  4941 | D:5      | Reached skill level 10 in Hexes
  5027 | D:5      | Reached XP level 8. HP: 40/52 MP: 12/16
  5157 | D:5      | Learned a level 2 spell: Sure Blade
  5664 | D:6      | Reached skill level 11 in Hexes
  5672 | D:6      | Learned a level 3 spell: Dazzling Spray
  6295 | D:6      | Noticed Duvessa
  6295 | D:6      | Noticed Dowan
  6299 | D:6      | Reached skill level 12 in Hexes
  6304 | D:6      | Killed Duvessa
  6311 | D:6      | Gained mutation: You are partially covered in slimy green scales (AC +2). [potion of beneficial mutation]
  6328 | D:6      | Killed Dowan
  6361 | D:6      | Noticed Margery's ghost (experienced SpEn)
  6371 | D:6      | Killed Margery's ghost
  6371 | D:6      | Reached XP level 9. HP: 31/57 MP: 3/20
  6636 | D:6      | Found a burning altar of Makhleb.
  6637 | D:6      | Found a shadowy altar of Dithmenos.
  6739 | D:6      | Reached skill level 10 in Stealth
  6853 | D:6      | Found a blossoming altar of Fedhas.
  6930 | D:6      | Noticed Blork the orc
  6937 | D:6      | Killed Blork the orc
  7197 | D:7      | Reached skill level 5 in Spellcasting
  7226 | D:7      | Reached skill level 13 in Hexes
  7240 | D:7      | Killed from afar by an orc wizard

Action                   |  1- 3 |  4- 6 |  7- 9 || total
-------------------------+-------+-------+-------++-------
Melee: Dagger            |    84 |    93 |   186 ||   363
Throw: Dart              |       |       |     1 ||     1
 Cast: Corona            |     8 |       |       ||     8
       Ensorcelled Hiber |    20 |    43 |   100 ||   163
       Confuse           |       |     1 |     3 ||     4
Evoke: Wand              |       |       |     4 ||     4
  Use: Potion            |     1 |       |    10 ||    11
       Scroll            |       |    10 |     6 ||    16
 Stab: Sleeping          |    17 |    42 |    81 ||   140
       Confused          |       |     2 |     2 ||     4
